 Dungeon Crawl Stone Soup version 0.24-a0-157-g36218c0 (webtiles) character file.

Game seed: 3566866380560061004

774 Dfrag the Firebug (level 7, -8/55 HPs)
             Began as a Naga Fire Elementalist on Mar 4, 2019.
             Killed from afar by an orc wizard (10 damage)
             ... with a magic dart
             ... on level 4 of the Dungeon.
             The game lasted 00:06:40 (3234 turns).

Dfrag the Firebug (Naga Fire Elementalist)          Turns: 3234, Time: 00:06:40

Health: -8/55      AC:  6    Str: 10    XL:     7   Next: 84%
Magic:  7/14       EV: 10    Int: 22    God:
Gold:   114        SH:  0    Dex: 12    Spells: 7/15 levels left

rFire    . . .     SeeInvis +   r - +0 flail (pain)
rCold    . . .     Gourm    .   (no shield)
rNeg     . . .     Faith    .   a - +0 robe
rPois    +         Spirit   .   p - +0 helmet
rElec    .         Reflect  .   h - +0 cloak
rCorr    .         Harm     .   b - +0 pair of gloves
MR       .....                  (no barding)
Stlth    ++........             (no amulet)
HPRegen  0.18/turn              j - ring of see invisible
MPRegen  0.14/turn              (no ring)

@: brilliant, very slightly contaminated, very slow
A: large, see invisible, deformed body, poison resistance, slowness 2, slow
metabolism 1, spit poison 1, AC +2
a: Spit Poison


You were on level 4 of the Dungeon.
You were very hungry.

You visited 1 branch of the dungeon, and saw 4 of its levels.

You collected 114 gold pieces.

Inventory:

Hand Weapons
 e - a +0 dagger
 r - a +0 flail of pain (weapon)
Armour
 a - a +0 robe (worn)
 b - a +0 pair of gloves (worn)
 h - a +0 cloak (worn)
 p - a +0 helmet (worn)
Jewellery
 j - a ring of see invisible (left hand)
Wands
 s - a wand of digging (4)
Scrolls
 d - 2 scrolls of random uselessness {unknown}
 i - 2 scrolls of magic mapping {unknown}
 k - a scroll of remove curse {unknown}
 l - a scroll of fear {unknown}
 n - a scroll of enchant weapon {unknown}
 o - a scroll of identify {unknown}
 q - a scroll of immolation {unknown}
 u - a scroll of fog {unknown}
Comestibles
 c - 5 rations


   Skills:
 - Level 1.5 Dodging
 - Level 3.0 Stealth
 + Level 4.8 Spellcasting
 + Level 4.8 Conjurations
 + Level 5.7 Fire Magic


You had 7 spell levels left.
You knew the following spells:

 Your Spells              Type           Power        Failure   Level  Hunger
a - Flame Tongue          Conj/Fire      #####        1%          1    None
b - Conjure Flame         Conj/Fire      #####...     1%          3    ##.....
c - Sticky Flame          Conj/Fire      #####...     1%          4    ####...

Your spell library contained the following spells:

 Spells                   Type           Power        Failure   Level  Hunger
 Throw Flame              Conj/Fire      #####.       1%          2    None
 Inner Flame              Hex/Fire       ####....     1%          3    ##.....
 Fireball                 Conj/Fire      #####.....   4%          5    #####..


Dungeon Overview and Level Annotations

Branches:
Dungeon (4/15)
 Temple: D:4-7

Altars:
Kikubaaqudgha
Makhleb
Ru
Sif Muna
Zin


Innate Abilities, Weirdness & Mutations

You cannot wear boots.
Your serpentine skin is tough. (AC +2)
You have supernaturally acute eyesight. (SInv)
Armour fits poorly on your strangely shaped body.
Your system is resistant to poisons. (rPois)
You cover ground very slowly.
You have a slow metabolism.
You can spit poison.


Message History

Casting: Flame Tongue (safe; 1% risk of failure)
Confirm with . or Enter, or press ? or * to list all spells.
Aiming: Flame Tongue (safe; 1% risk of failure)
Press: ? - help, Shift-Dir - straight line, f/p - orc wizard
Aim: an orc wizard, wielding a +0 dagger and wearing a +2 robe of fire resistance (lightly wounded, poisoned, slightly transparent)
The flame tongue hits the orc wizard.
The orc wizard resists.
The orc wizard is lightly wounded.
The orc wizard casts a spell at you. The puff of flame hits you.
* * * LOW HITPOINT WARNING * * *
Unknown command.
You aren't carrying any potions.
Unknown command.
Blink to where?
Press: ? - help, Dir - move target cursor, p - orc wizard
As you read the scroll of blinking, it crumbles to dust.
You have got your breath back.
The orc wizard casts a spell at you. The magic dart hits you!
You die...

#############
#.....@.....###########
#...........#..........
#...........#..........
#...........#..........
#...........'..........
#..........)#o.........
#...........#..........
#...(....####.#########
#.......o..(o.#


You could see an orc wizard (invisible).

Vanquished Creatures
  Grinder (D:3)
  Sigmund (D:3)
  An ogre (D:4)
  2 hounds (D:4)
  An iguana (D:4)
  2 orc wizards
  A bullfrog skeleton (D:4)
  A worker ant (D:4)
  3 adders
  3 oozes
  2 worms (D:2)
  A dart slug (D:1)
  3 leopard geckos
  10 orcs
  6 giant cockroaches
  9 goblins
  13 hobgoblins
  12 jackals
  7 kobolds
  A ball python skeleton (D:4)
  9 bats
  3 frilled lizards
  9 rats
101 creatures vanquished.

Notes
Turn   | Place    | Note
-------+----------+-------------------------------------------
     0 | D:1      | Dfrag the Naga Fire Elementalist began the quest for the
                  | Orb.
     0 | D:1      | Reached XP level 1. HP: 15/15 MP: 3/3
    55 | D:1      | Reached XP level 2. HP: 18/22 MP: 0/5
   170 | D:1      | Reached XP level 3. HP: 14/28 MP: 2/6
   591 | D:2      | Reached XP level 4. HP: 36/36 MP: 4/8
   679 | D:2      | Found a sacrificial altar of Ru.
   914 | D:2      | Found a glowing silver altar of Zin.
  1140 | D:2      | Found a deep blue altar of Sif Muna.
  1199 | D:3      | Found an ancient bone altar of Kikubaaqudgha.
  1333 | D:3      | Learned a level 3 spell: Conjure Flame
  1338 | D:3      | Learned a level 4 spell: Sticky Flame
  1345 | D:3      | Noticed Grinder
  1351 | D:3      | Paralysed by Grinder for 3 turns
  1390 | D:4      | Reached skill level 4 in Fire Magic
  1390 | D:4      | Reached XP level 5. HP: 39/42 MP: 0/9
  1909 | D:3      | HP: 2/42 [Grinder (6)]
  1942 | D:3      | Killed Grinder
  1942 | D:3      | Reached XP level 6. HP: 39/49 MP: 1/11
  2136 | D:3      | Found a burning altar of Makhleb.
  2444 | D:3      | Noticed Sigmund
  2460 | D:3      | Killed Sigmund
  2460 | D:3      | Reached skill level 5 in Fire Magic
  2460 | D:3      | Reached XP level 7. HP: 49/55 MP: 6/13
  3184 | D:4      | HP: 2/55 [orc wizard/magic dart (7)]
  3232 | D:4      | HP: 2/55 [orc wizard/puff of flame (5)]
  3234 | D:4      | Killed from afar by an orc wizard

Levels and vault maps discovered:
D:1:      erik_arrival_gehennom, layout_rooms, st_stairs_13
D:2:      layout_rooms, marbit_many_paths, lemuel_blue_sif_altar, zin_statuary,
          serial_forest, infiniplex_forest_lined_2,
          infiniplex_forest_clump_double, infiniplex_forest_end_1,
          infiniplex_forest_straight_4
D:3:      layout_basic, nicolae_overflow_crystal_walls,
          overflow_temple_1_default, uniq_sigmund, uniq_grinder
D:4:      minmay_door_path, layout_basic, first_ration, kennysheep_diamond,
          minmay_manual_monstrance

Skill      XL: |  1  2  3  4  5  6 |
---------------+-------------------+-----
Conjurations   | 2 3 4 |  4.8
Spellcasting   | 3 4 |  4.8
Fire Magic     | 4 5 |  5.7
Dodging        | |  1.5
Stealth        | |  3.0

Action                   |  1- 3 |  4- 6 |  7- 9 || total
-------------------------+-------+-------+-------++-------
Melee: Unarmed           |    10 |     4 |       ||    14
       Dagger            |       |    15 |       ||    15
       Flail             |       |       |     9 ||     9
 Cast: Flame Tongue      |    44 |    61 |    27 ||   132
       Sticky Flame      |       |     4 |     2 ||     6
 Abil: Spit Poison       |    29 |    29 |     8 ||    66
  Use: Potion            |       |     5 |     3 ||     8
       Scroll            |       |       |     2 ||     2
 Stab: Sleeping          |       |       |     1 ||     1
  Eat: Chunk             |       |     9 |     2 ||    11
Armor: Robe              |    21 |    20 |    25 ||    66
       Skin              |       |     1 |       ||     1
Dodge: Dodged            |    38 |    41 |    46 ||   125

Table legend:
 A = Non-vault XP
 B = Vault XP
 C = Vault XP percentage of total XP
 D = Non-vault monster count
 E = Vault monster count
 F = Vault count percentage of total count
                 A         B        C        D         E       F
            +---------+---------+-------+---------+---------+-------
      Total |     572 |     534 |  48.3 |      89 |      12 |  11.9
            +---------+---------+-------+---------+---------+-------
        D:1 |      53 |      21 |  28.4 |      31 |       7 |  18.4
        D:2 |      41 |       2 |   4.7 |      14 |       1 |   6.7
        D:3 |     117 |     477 |  80.3 |      26 |       2 |   7.1
        D:4 |     361 |      34 |   8.6 |      18 |       2 |  10.0
            +---------+---------+-------+---------+---------+-------
